 Dungeon Crawl Stone Soup version bcrawl-1.12.2 (webtiles) character file.

Game seed: 14851849372850172315

470 Ebbett the Chopper (level 6, -1/53 HPs)
             Began as a Minotaur Fighter on July 23, 2019.
             Slain by a sky beast (3 damage)
             ... on level 4 of the Dungeon.
             The game lasted 00:07:33 (2729 turns).

Ebbett the Chopper (Minotaur Fighter)               Turns: 2729, Time: 00:07:34

Health: -1/53      AC:  7    Str: 22    XL:     6   Next: 82%
Magic:  5/5        EV:  7    Int:  5    God:
Gold:   238        SH: 15    Dex: 16    Spells: 5/5 levels left

rFire    . . .     SeeInvis .   a - +1 war axe
rCold    . . .     Gourm    .   q - +0 large shield
rNeg     . . .     Faith    .   b - +0 scale mail
rPois    .         Spirit   .   (helmet restricted)
rElec    .         Reflect  .   (no cloak)
rCorr    .         Harm     .   (no gloves)
MR       .....     Rnd*Tele +   (no boots)
Stlth    ..........             (no amulet)
HPRegen  0.17/turn              m - ring of teleportation
MPRegen  0.09/turn              p - +6 ring of dexterity

@: no status effects
A: retaliatory headbutt, horns 2
a: no special abilities


You were on level 4 of the Dungeon.
You were not hungry.

You visited 1 branch of the dungeon, and saw 4 of its levels.

You collected 238 gold pieces.

Inventory:

Hand Weapons
 a - a +1 war axe (weapon)
 j - a +0 dagger of venom
 s - a +1 vampiric dagger
Armour
 b - a +0 scale mail (worn)
 q - a +0 large shield (worn)
Jewellery
 m - a ring of teleportation (left hand)
 n - an uncursed ring of ice
 p - a +6 ring of dexterity (right hand)
 r - a cursed ring of attention {unknown}
Scrolls
 c - a scroll of enchant armour {unknown}
 e - 3 scrolls of identify
 g - 3 scrolls of remove curse
 h - a scroll of teleportation {unknown}
 k - a scroll of noise {unknown}
 l - a scroll of immolation {unknown}
 o - a scroll of fear {unknown}
Potions
 d - 2 potions of might
 i - a potion of curing {unknown}
Comestibles
 f - 5 rations {!d}
 t - a chunk of flesh


   Skills:
 + Level 4.7 Fighting
 + Level 5.9 Axes
 + Level 5.0 Armour
 + Level 1.7 Dodging
 + Level 0.4 Stealth
 + Level 5.2 Shields


You had 5 spell levels left.
You didn't know any spells.
Your spell library was empty.

Dungeon Overview and Level Annotations

Branches:
Dungeon (4/12)
 Temple: D:4-7

Altars:


Innate Abilities, Weirdness & Mutations

You reflexively headbutt those who attack you in melee.
You have a pair of horns on your head.


Message History

Something hits you but does no damage. You block something's attack.
Things that are here:
a +0 giant club; an ogre corpse Something hits you.
* * * LOW HITPOINT WARNING * * *
Something shocks you.
* * * LOW HITPOINT WARNING * * *
As you read the scroll of remove curse, it crumbles to dust.
You feel as if something is helping you.
Something hits you but does no damage.
You miss something. Your headbutt misses something.
Something hits you but does no damage.
A worker ant comes into view.
The worker ant twitches its antennae in your direction.
You slash something! You headbutt something.
Something hits you but does no damage. x2
You miss something. Something hits you but does no damage.
You closely miss something. Something hits you.
You die...

...#....#.##.#.##
...##..##....### #.#.#
.....#.......# .....
...#..รท..##...###
...... ....#...........#
......
...###....#..#..##...#.#
>.........#..#..#......#
...<...##......{........
...............)@.#
.##..........##..##
.###.##.#..#..##..#
.##...#.#.##.###.##
..........#..###.#
##.............#.##
#.................#
##............##....
.#............# .#.


There were no monsters in sight!

Vanquished Creatures
  An ogre (D:4)
  A hound (D:3)
  5 orc priests
  An iguana (D:4)
  3 orc wizards (D:4)
  2 adders
  A worm (D:3)
  4 dart slugs (D:2)
  5 leopard geckos
  13 orcs
  4 bats
  2 giant cockroaches
  3 goblins
  6 hobgoblins
  A jackal (D:4)
  6 kobolds
  3 quokkas
  3 frilled lizards
  3 rats
67 creatures vanquished.

Notes
Turn   | Place    | Note
-------+----------+-------------------------------------------
     0 | D:1      | Ebbett the Minotaur Fighter began the quest for the Orb.
     0 | D:1      | Reached XP level 1. HP: 19/19 MP: 0/0
   121 | D:1      | Reached XP level 2. HP: 23/27 MP: 1/1
   749 | D:2      | Reached XP level 3. HP: 27/33 MP: 2/2
  1853 | D:3      | Reached XP level 4. HP: 27/40 MP: 3/3
  1940 | D:3      | Reached XP level 5. HP: 19/47 MP: 4/4
  2042 | D:3      | Reached skill level 5 in Axes
  2565 | D:4      | Reached skill level 1 in Dodging
  2605 | D:4      | Reached XP level 6. HP: 35/53 MP: 5/5
  2694 | D:4      | Reached skill level 5 in Shields
  2717 | D:4      | Noticed a sky beast
  2722 | D:4      | Reached skill level 5 in Armour
  2724 | D:4      | HP: 1/53 [something (6)]
  2729 | D:4      | Slain by a sky beast

Skill      XL: |  1  2  3  4  5  6 |
---------------+-------------------+-----
Fighting       | 4 |  4.7
Shields        | 4 5 |  5.2
Axes           | 3 4 5 |  5.9
Armour         | 4 5 |  5.0
Dodging        | 1 |  1.7
Stealth        | |  0.4

Action                   |  1- 3 |  4- 6 || total
-------------------------+-------+-------++-------
Melee: War axe           |    74 |    71 ||   145
       Headbutt          |    10 |    24 ||    34
  Use: Scroll            |       |     4 ||     4
       Potion            |       |     2 ||     2
  Eat: Chunk             |     1 |     5 ||     6
Armor: Scale mail        |    41 |    29 ||    70
Dodge: Dodged            |    26 |    13 ||    39
Block: Shield            |    43 |     3 ||    46
       Large shield      |       |    61 ||    61
